 Dungeon Crawl Stone Soup version 0.32-a0-699-g1ee5eff69a (webtiles) character file.

Game seed: 17668955017757663723

129 Shayle the Apothecary (level 5, -1/38 (39) HPs)
             Began as a Coglin Alchemist on Mar 13, 2024.
             Killed from afar by a steam dragon (19 damage)
             ... with a ball of steam
             ... on level 6 of the Dungeon.
             The game lasted 00:09:14 (2233 turns).

Shayle the Apothecary (Coglin Alchemist)            Turns: 2233, Time: 00:09:15

HP:   -1/38 (39)    AC:  5    Str:  8    XL:     5   Next: 12%
MP:   2/7           EV: 11    Int: 16    God:
Gold: 211           SH:  0    Dex: 15    Spells: 6/7 levels left

rFire   . . .        c - +0 short sword {Xiloxoch}
rCold   + . .        b - +0 hand axe {Manveen}
rNeg    . . .        m - +2 robe {rC+}
rPois   .            j - +0 helmet
rElec   .            (no cloak)
rCorr   .            (no gloves)
SInv    .            (no boots)
Will    .....        (amulet unavailable)
Stlth   ++           (ring unavailable)
HPRegen 0.26/turn    (ring unavailable)
MPRegen 0.10/turn    (no gizmo)

%: no passive effects
@: lightly drained
A: off-hand wielding, slow wielding, warmup strikes, no jewellery
a: Invent Gizmo


You were on level 6 of the Dungeon.
You visited 1 branch of the dungeon, and saw 5 of its levels.

You collected 211 gold pieces.

Inventory:

Hand Weapons
 b - a +0 hand axe (offhand) {Manveen}
 c - a +0 short sword (weapon) {Xiloxoch}
Armour
 a - a +0 robe
 j - a +0 helmet (worn)
 m - a +2 robe of cold resistance (worn)
Scrolls
 d - a scroll of noise
 i - a scroll of silence
Potions
 f - a potion of cancellation {unknown}
 g - 2 potions of enlightenment
 k - a potion of attraction
 l - 4 potions of curing


   Skills:
 + Level 2.4 Fighting
 + Level 2.2 Ranged Weapons
 - Level 1.7 Dodging
 - Level 1.5 Stealth
 - Level 1.7 Spellcasting
 + Level 1.5 Conjurations
 + Level 1.1 Air Magic
 + Level 3.7 Alchemy


You had 6 spell levels left.
You knew the following spells:

 Your Spells              Type           Power      Damage    Failure   Level
a - Sting                 Conj/Alch      36%        1d5       7%          1

Your spell library contained the following spells:

 Spells                   Type           Power      Damage    Failure   Level
 Mercury Vapours          Alch/Air       18%        N/A       12%         2
 Mephitic Cloud           Conj/Alch/Air  8%         N/A       26%         3
 Dazzling Flash           Conj/Hex       6%         N/A       43%         3
 Olgreb's Toxic Radiance  Alch           13%        N/A       43%         4
 Summon Ice Beast         Ice/Summ       1%         N/A       54%         3
 Tukima's Dance           Hex            1%         N/A       54%         3
 Sticky Flame             Fire/Alch      7%         2d4       69%         4
 Passage of Golubria      Tloc           1%         N/A       91%         4
 Yara's Violent Unravell  Hex/Alch       3%         3d4       95%         5
 Summon Mana Viper        Hex/Summ       1%         N/A       99%         5
 Starburst                Conj/Fire      1%         6d3       100%        6
 Monstrous Menagerie      Summ           0%         N/A       100%        7
 Maxwell's Capacitive Co  Air            2%         ∞         100%        8


Dungeon Overview and Level Annotations

Branches:
Dungeon (7/15)
 Temple: D:4-7

Altars:


Innate Abilities, Weirdness & Mutations

You can wield a second weapon in your off-hand.
It takes a long time for you to wield or remove held weapons.
Your first few attacks do less damage.
You cannot equip rings or amulets.


Message History

You hear an angry buzzing noise. x3
A killer bee comes into view.
A wyvern zombie comes into view.
A steam dragon comes into view.
The white imp closely misses you.
A wight comes into view. It is wielding a +0 flail.
The howler monkey closely misses you. The wight misses you.
The orc warrior closely misses you. The white imp gestures at you.
The puff of frost misses you.
The puff of frost hits the howler monkey!
There is a stone staircase leading up, spattered with blood here.
As you read the scroll of teleportation, it crumbles to dust.
You feel strangely unstable. The hound bites you. The howler monkey hits you.
The howler monkey barely misses you.
A killer bee comes into view.
The wight barely misses you. The orc warrior closely misses you.
The white imp closely misses you. The hound closely misses you.
A centaur zombie comes into view.
The howler monkey hoots and howls with incredible vigour!
The howler monkey barely misses you. The hound closely misses you.
The orc warrior misses you.
The white imp hits you but does no damage.
The wight hits you with a +0 long sword.
You feel drained. The howler monkey hits you.
The howler monkey closely misses you.
You hear a shout! x5; You hear a loud, deep croak!
You hear a shout! x4
You hear a bark!
You hear a shout!
You climb upwards.
The orc closely misses you. The steam dragon barely misses you. x2
There is a stone staircase leading down here.
Unknown command.
Your surroundings suddenly seem different.
A steam dragon comes into view.
Found a stone staircase leading up.
The steam dragon hisses angrily.
The howler monkey howls!
The steam dragon breathes steam at you. The ball of steam hits you!!
Ouch! That really hurt!
You die...

#.##### ## ....... .## ##
.......##..### ...
.............##. ...
.......#........ ...
....<..#........ ...
..h.............. ......
.?.
##....@................
#.....§....#...##......
#.##..§....#.$........#
... #.§....##..........#
o..
...###§....##........# .
...
#...##D.............###.
. .
#...h......#....)....#..
...
#.......%..#..##).......
..#
##.......##.....#.##.....


You could see a howler monkey.

Vanquished Creatures
  Jessica (D:2)
  Terence (D:3)
  2 adders (D:2)
  2 dart slugs (D:1)
  3 orcs (D:6)
  7 ball pythons
  7 bats
  An endoplasm (D:1)
  3 giant cockroaches
  3 hobgoblins
  6 jackals
  3 kobolds
  A quokka (D:1)
  A frilled lizard (D:1)
  7 goblins
  4 rats
52 creatures vanquished.

Notes
Turn   | Place    | Note
-------+----------+-------------------------------------------
     0 | D:1      | Shayle the Coglin Alchemist began the quest for the Orb.
     0 | D:1      | Reached XP level 1. HP: 13/13 MP: 3/3
   176 | D:1      | Reached skill level 1 in Fighting
   176 | D:1      | Reached XP level 2. HP: 20/21 MP: 1/4
   228 | D:1      | Reached skill level 1 in Ranged Weapons
   641 | D:1      | Reached XP level 3. HP: 3/26 MP: 1/5
  1351 | D:2      | Reached skill level 1 in Conjurations
  1756 | D:3      | Noticed Jessica
  1757 | D:3      | Noticed Terence
  1766 | D:2      | Killed Jessica
  1767 | D:2      | Reached XP level 4. HP: 20/33 MP: 3/6
  1893 | D:3      | Killed Terence
  1894 | D:3      | Reached skill level 1 in Air Magic
  1961 | D:3      | Reached XP level 5. HP: 39/39 MP: 4/7
  2143 | D:3      | You fall into a shaft and drop 3 floors!
  2145 | D:6      | Noticed a steam dragon
  2163 | D:7      | Noticed an orc warrior
  2228 | D:7      | Noticed a steam dragon
  2232 | D:6      | Noticed a steam dragon
  2233 | D:6      | Killed from afar by a steam dragon

Illustrated notes

Levels and vault maps discovered:
D:1:      nzn_arrival_crosshair, layout_basic, serial_forest,
          infiniplex_forest_clump_diagonal, infiniplex_forest_straight_2,
          infiniplex_forest_clump_tiny, infiniplex_forest_clump_small,
          infiniplex_forest_corner_2, infiniplex_forest_lined_3,
          infiniplex_forest_end_3, infiniplex_forest_lined_room_2,
          infiniplex_forest_clump_double, minmay_misc_feat_chi
D:2:      cheibrodos_old_hovel, layout_rooms
D:3:      layout_rooms, gammafunk_temple_overflow_pools, uniq_terence,
          uniq_jessica
D:6:      layout_cave_pools, nzn_wu_jian_contemplation
D:7:      layout_rooms, serial_undead, serial_undead_c, serial_undead_b,
          serial_undead_d, serial_undead_e, serial_undead_f, serial_undead_a,
          serial_undead_f, kennysheep_generic_room_5, uniq_maggie

Skill      XL: |  1  2  3  4 |
---------------+-------------+-----
Fighting       | 1 2 |  2.4
Ranged Weapons | 1 2 |  2.2
Conjurations   | 1 |  1.5
Air Magic      | 1 |  1.1
Dodging        | |  1.7
Stealth        | |  1.5
Spellcasting   | |  1.7
Alchemy        | |  3.7

Action                     |  1- 3 |  4- 6 || total
---------------------------+-------+-------++-------
  Melee: Short sword       |    79 |    20 ||    99
         Unarmed           |     2 |       ||     2
         Hand axe          |    36 |    18 ||    54
   Cast: Sting             |    36 |    28 ||    64
    Use: Potion            |     1 |     2 ||     3
         Scroll            |     8 |     4 ||    12
   Stab: Sleeping          |     2 |       ||     2
 Armour: Robe              |    87 |    49 ||   136
  Dodge: Dodged            |    79 |    61 ||   140

Table legend: (Time is in decaauts)
 A = Elapsed time spent in this place.
 B = Non-inter-level travel time spent in this place.
 C = Inter-level travel time spent in this place.
 D = Time resting spent in this place.
 E = Time spent auto-exploring this place.
 F = Levels seen in this place.
 G = Mean time per level.
                   A        B        C        D        E       F      G
               +--------+--------+--------+--------+--------+-----+--------+
         Total |   2250 |   2190 |     60 |    315 |   1174 |   5 |  450.0 |
       Dungeon |   2250 |   2190 |     60 |    315 |   1174 |   5 |  450.0 |
               +--------+--------+--------+--------+--------+-----+--------+

Top non-repeatable levels by time:
     D:1: 1154 daAuts
     D:2: 722 daAuts
     D:3: 282 daAuts
     D:6: 81 daAuts
     D:7: 9 daAuts
